[Event "1000GM Schev-C-A February 2024"]
[Site "Santa Clara"]
[Date "2024.02.26"]
[Round "5.1"]
[White "Tang, Dylan"]
[Black "Cardoso Cardoso, Jose Gabriel"]
[Result "0-1"]
[ECO "B55"]
[WhiteElo "2206"]
[BlackElo "2477"]
[Annotator "RC"]
[PlyCount "68"]
[EventDate "2024.02.13"]
[EventType "schev"]
[EventCountry "USA"]
[SourceTitle "playchess.com"]
[Source "ChessBase"]
[SourceQuality "1"]
[TimeControl "5400+30"]

1. e4 c5 2. Nf3 d6 3. d4 cxd4 4. Nxd4 Nf6 5. f3 e5 6. Nb3 Be6 7. c4 a5 8. Be3 Nc6 9. Nc3 Be7 10. Be2 a4 11. Nd2 Nh5 12. g3 Nd4 13. O-O O-O 14. Ndb1 Qc7 15. Na3 Rfc8 16. Rc1 Qd8 17. Kh1 Nxe2 18. Qxe2 Nf6 19. Rfd1 Qf8 20. Nd5 Nxd5 21. cxd5 Bd7 22. Qf2 b5 23. Nc2 f5 24. Nb4 fxe4 25. fxe4 Qxf2 26. Bxf2 Bg4 27. Re1 Rxc1 28. Rxc1 Bf3+ 29. Kg1 Bxe4 30. Rc7 Bg5 31. Rc6 a3 32. bxa3 Rxa3 33. Rxd6 Be7 34. Bc5 Rc3 0-1

[Event "1000GM Schev-C-A February 2024"]
[Site "Santa Clara"]
[Date "2024.02.26"]
[Round "5.2"]
[White "Zuluaga Mancilla, Cesar"]
[Black "Min, Ryan"]
[Result "1-0"]
[ECO "E68"]
[WhiteElo "2251"]
[BlackElo "2063"]
[Annotator "TA"]
[PlyCount "79"]
[EventDate "2024.02.13"]
[EventType "schev"]
[EventCountry "USA"]
[SourceTitle "playchess.com"]
[Source "ChessBase"]
[SourceQuality "1"]
[TimeControl "5400+30"]

1. d4 Nf6 2. Nf3 g6 3. c4 Bg7 4. Nc3 d6 5. g3 O-O 6. Bg2 Nbd7 7. h3 e5 8. O-O h6 9. e4 Nh7 10. dxe5 (10. Be3 $16) 10... dxe5 11. Be3 c6 12. Qc1 {[%emt 0:00:47] Weiß steht etwas besser.} h5 13. Rd1 Qe7 14. Rb1 {[%emt 0:02:09][%cal Oc4c5] Weiß steht deutlich aktiver.} a5 {[%emt 0:04:02] [#]} (14... Nc5 $14) 15. c5 f5 (15... Nxc5 16. Nd5 cxd5 17. Bxc5 $18 (17. Qxc5 Qxc5 18. Bxc5 Re8 $18)) (15... a4 $14) 16. Na4 (16. Nh4 $142 Qe8 17. exf5 gxf5 18. Bh6) 16... f4 $16 17. Qc4+ $1 (17. gxf4 exf4 18. Qc4+ (18. Bxf4 Qxe4 19. Bh6 Qxa4 $17) 18... Kh8 $17) 17... Kh8 {[%emt 0:00:05] [#]} 18. Nh4 Qe8 $1 $11 19. gxf4 exf4 20. Bd4 $36 {[%emt 0:00:05][%mdl 2048] Weiss hat gut koordiniertes Spiel.} Ne5 21. Qc3 g5 $2 {[%emt 0:07:48][%mdl 8192] [#] Danach kann Schwarz die Partie nicht mehr halten.} (21... Rg8 $11 {und Schwarz steht sicher.}) 22. Bxe5 $1 $18 {[%emt 0:02:09] Weiß steht klar auf Gewinn.} (22. Nb6 gxh4 23. Nc4 (23. Nxa8 $2 Ng5 $19) 23... f3 24. Bxe5 Rg8 (24... Bxe5 $2 25. Nxe5 Nf6 26. Nxf3 $18) 25. Bxg7+ Rxg7 26. Qxf3 Be6 $15) 22... Nf6 (22... Bxe5 $142 23. Qxe5+ Qxe5 24. Ng6+ Kg7 25. Nxe5 f3) 23. Nf5 Bxf5 24. exf5 Rd8 25. Nb6 g4 26. Re1 Qf7 27. Nc4 f3 28. Bf1 Rd5 29. Nd6 Qg8 30. Kh1 {[%emt 0:03:45] Bc4 wäre nun fies.} b6 31. Bc4 bxc5 32. Bxd5 cxd5 33. Qxc5 Nd7 34. Bxg7+ ({Weniger gut wäre} 34. Qxa5 Bxe5 35. Qd2 Qg7 $18) 34... Qxg7 35. Qxd5 Nf6 36. Qe5 Qg5 37. Ne4 Qh4 38. Qg3 (38. Qxa5 $2 {ist ein Selbstmatt.} Qxh3+ 39. Kg1 Qg2#) 38... Qxg3 39. Nxg3 h4 40. Ne4 {[%emt 0:00:27] Gewichteter Fehlerwert: Weiß=0.26 (präzise) /Schwarz=0.62.  Verlustzug:     	---       	Schwarz=1     Fehler:       	Weiß=3     	Schwarz=3     Ungenau:       	Weiß=2     	---        OK:         	Weiß=3     	Schwarz=3     Bester:       	---       	Schwarz=1     Stark:        	Weiß=2     	Schwarz=1} 1-0

[Event "1000GM Schev-C-A February 2024"]
[Site "Santa Clara"]
[Date "2024.02.26"]
[Round "5.3"]
[White "Delgado Ramirez, Neuris"]
[Black "Atwell, Rose"]
[Result "1/2-1/2"]
[ECO "B10"]
[WhiteElo "2517"]
[BlackElo "2104"]
[Annotator "TA"]
[PlyCount "110"]
[EventDate "2024.02.13"]
[EventType "schev"]
[EventCountry "USA"]
[SourceTitle "playchess.com"]
[Source "ChessBase"]
[SourceQuality "1"]
[TimeControl "5400+30"]

1. e4 e5 2. Nf3 Nf6 3. d3 c6 4. c3 Qc7 5. Nbd2 d5 6. Be2 Be7 7. O-O O-O 8. Re1 Nbd7 9. Qc2 Re8 10. Bf1 Bf8 11. h3 a5 12. b3 dxe4 13. Nxe4 Nxe4 14. dxe4 Nc5 15. Rb1 f6 16. a3 Be6 17. b4 Nd7 18. Be3 axb4 19. axb4 Ra2 20. Rb2 Rea8 21. Nd2 c5 22. Bc4 Bxc4 23. Nxc4 Rxb2 24. Qxb2 cxb4 25. Qb3 Kh8 {[%emt 0:00:15] Threatens to win with ...b5.} 26. cxb4 Qc6 (26... b5 $142 27. Na5 Rc8 (27... Bxb4 $2 28. Qxb4 Qxa5 29. Qxa5 $18)) 27. Rd1 $16 {[%emt 0:01:33] Black must now prevent Na5.} h6 {[%emt 0:02:34] [#]} (27... b6 $16 28. Nd6 Bxd6) 28. Qd3 (28. Na5 $1 $18 Qc7 29. Qf7) 28... Bxb4 29. Qxd7 Qxc4 30. Qxb7 Rc8 31. Rc1 {[%emt 0:03:20] White is much more active.} Qxc1+ 32. Bxc1 Rxc1+ {[%emt 0:00:04][%mdl 4096] Endgame. KQ-KRB} 33. Kh2 Bc5 34. Qb2 Rf1 35. Qb5 Rc1 36. Qe2 Rc3 37. h4 Bd4 38. h5 Rb3 39. Qc4 Rc3 40. Qb4 Rc2 41. f3 Kh7 42. Qf8 Rb2 43. Qf7 Rc2 44. Kh3 Rb2 45. g3 Rc2 46. Kg4 Rf2 47. Qd7 Rb2 48. Qf5+ Kh8 49. Qc8+ Kh7 50. Kf5 Rb6 51. f4 Rd6 52. Qe8 Rb6 53. Qg6+ Kh8 54. Qf7 Kh7 55. Qg6+ Kh8 $1 {[%emt 0:00:03] Weighted Error Value: White=0.10 (very precise) /Black=0.06 (flawless) .  Mistake:       	White=1     	Black=2      Inaccurate:     	---       	Black=3      OK:         	White=26    	Black=16     Best:        	White=2     	Black=2      Strong:       	---       	Black=1} 1/2-1/2

[Event "1000GM Schev-C-A February 2024"]
[Site "Santa Clara"]
[Date "2024.02.26"]
[Round "5.4"]
[White "Rajaram, Rohan"]
[Black "Arenas, David"]
[Result "1/2-1/2"]
[ECO "E01"]
[WhiteElo "2151"]
[BlackElo "2406"]
[Annotator "TA"]
[PlyCount "40"]
[EventDate "2024.02.13"]
[EventType "schev"]
[EventCountry "USA"]
[SourceTitle "playchess.com"]
[Source "ChessBase"]
[SourceQuality "1"]
[TimeControl "5400+30"]

1. d4 Nf6 2. c4 e6 3. g3 d5 4. Bg2 h6 5. Nf3 Bd6 6. O-O O-O 7. Qc2 Nc6 8. Nbd2 {[%emt 0:00:58] White is slightly better.} Re8 9. Rd1 b6 10. e4 {[%emt 0:01:22] [#] Threatens to win with e5.} dxe4 11. Nxe4 {[%emt 0:00:10][%cal Of3e5] Ne5! is the strong threat.} Bb7 12. Nxd6 (12. Nc3 $14) 12... cxd6 $11 13. b3 Rc8 14. Bb2 Nb8 15. Qe2 Nbd7 16. Rac1 Qc7 17. Re1 Qb8 18. Nd2 Bxg2 {[%emt 0:00:18] The position is equal.} 19. Kxg2 Qb7+ 20. Qf3 Qxf3+ {[%emt 0:00:49] Weighted Error Value: White=0.10 (very precise) /Black=0.06 (flawless) .  Mistake:       	White=1     	---        Inaccurate:     	White=1     	Black=2      OK:         	White=2     	Black=6} 1/2-1/2

[Event "1000GM Schev-C-A February 2024"]
[Site "Santa Clara"]
[Date "2024.02.26"]
[Round "5.5"]
[White "Zhou, Ruoyu"]
[Black "Jimenez Garcia, Emmanuel"]
[Result "0-1"]
[ECO "B69"]
[WhiteElo "2112"]
[BlackElo "2394"]
[Annotator "RC"]
[PlyCount "92"]
[EventDate "2024.02.13"]
[EventType "schev"]
[EventCountry "USA"]
[SourceTitle "playchess.com"]
[Source "ChessBase"]
[SourceQuality "1"]
[TimeControl "5400+30"]

1. e4 c5 2. Nf3 d6 3. d4 cxd4 4. Nxd4 Nf6 5. Nc3 Nc6 6. Bg5 Bd7 7. Qd2 a6 8. O-O-O e6 9. f4 Be7 10. Nf3 b5 11. Bxf6 gxf6 12. Kb1 Qb6 13. f5 O-O-O 14. g3 Kb8 15. fxe6 fxe6 16. Bh3 Bc8 17. Qh6 Qc5 18. Rhf1 Rdg8 19. Ne2 Rg6 20. Qd2 Ne5 21. Nfd4 Nc4 22. Qc1 e5 23. Bxc8 Rxc8 24. Nf5 Bf8 25. Rd3 b4 26. Rd5 Qc6 27. Qd1 Rg4 28. Nc1 Rxe4 29. Nb3 Nb6 30. Rd3 d5 31. Ne3 d4 32. Nf5 Nc4 33. Nd2 Ne3 34. Nxe3 Rxe3 35. Nb3 Bh6 36. Nc1 a5 37. Nb3 a4 38. Nd2 Qa6 39. Nf3 b3 40. c4 Qxc4 41. Rxe3 Bxe3 42. Re1 Qc2+ 43. Ka1 a3 44. Qb1 e4 45. Nh4 Bd2 46. Rd1 axb2+ 0-1